 Dungeon Crawl Stone Soup version 0.19-a0-583-g665d810 (webtiles) character file.

1195 TheGoonsmith the Destroyer (level 8, -3/41 HPs)
             Began as a Deep Elf Conjurer on June 9, 2016.
             Slain by an orc warrior
             ... wielding a +0 mace
              (14 damage)
             ... on level 7 of the Dungeon.
             The game lasted 00:09:50 (7075 turns).

TheGoonsmith the Destroyer (Deep Elf Conjurer)      Turns: 7075, Time: 00:09:51

Health: -3/41      AC:  6    Str:  5    XL:     8   Next: 20%
Magic:  2/22       EV: 18    Int: 21    God:
Gold:   298        SH:  0    Dex: 17    Spells: 4 memorised, 11 levels left

rFire  . . .     SeeInvis .     i - +2 dagger (elec)
rCold  . . .     Gourm    .     a - +1 robe
rNeg   . . .     Faith    .     (no shield)
rPois  .         Spirit   .     (no helmet)
rElec  .         Dismiss  .     (no cloak)
rCorr  .         Reflect  .     q - +2 pair of gloves
SustAt .         Harm     .     (no boots)
MR     .....                    (no amulet)
Stlth  ++........               s - +6 ring of slaying
                                k - +5 ring of evasion

@: not resistant to hostile enchantments, unstealthy
A: no striking features
a: no special abilities


You were on level 7 of the Dungeon.
You were hungry.

You visited 2 branches of the dungeon, and saw 8 of its levels.
You also visited: Sewer.

You collected 298 gold pieces.

Inventory:

Hand Weapons
 i - a +2 dagger of electrocution (weapon)
Armour
 a - a +1 robe (worn)
 q - a +2 pair of gloves (worn)
Jewellery
 d - an uncursed ring of ice
 e - an uncursed amulet of faith
 k - a +5 ring of evasion (left hand)
 s - a +6 ring of slaying (right hand)
 v - an uncursed ring of see invisible
 z - an uncursed ring of protection from cold
 C - an uncursed ring of sustain attributes {unknown}
Wands
 H - a wand of lightning (2/15)
Scrolls
 f - 3 scrolls of remove curse
 l - a scroll of blinking
 o - a scroll of immolation
 r - 5 scrolls of identify
 u - a scroll of enchant armour
 x - 2 scrolls of random uselessness {unknown}
 A - a scroll of enchant weapon
 B - a scroll of noise {unknown}
 D - a scroll of teleportation
 I - a scroll of fog {unknown}
Potions
 g - a potion of lignification
 j - a potion of berserk rage
 m - 3 potions of might
 p - a potion of magic
 t - 3 potions of curing {unknown}
 w - a potion of cure mutation {unknown}
Books
 b - a book of Conjurations

   Spells                             Type                      Level
   a - Magic Dart                     Conjuration                  1
   b - Searing Ray                    Conjuration                  2
   c - Dazzling Spray                 Conjuration/Hexes            3
   d - Fulminant Prism                Conjuration/Hexes            4
   e - Iskenderun's Mystic Blast      Conjuration                  4
   f - Iskenderun's Battlesphere      Conjuration/Charms           5
 y - a Necronomicon

   Spells                             Type                      Level
   a - Haunt                          Necromancy/Summoning         7
   b - Borgnjor's Revivification      Necromancy                   8
   c - Death's Door                   Charms/Necromancy            8
   d - Necromutation                  Transmutation/Necromancy     8
 E - a book of Air

   Spells                             Type                      Level
   a - Shock                          Conjuration/Air              1
   b - Swiftness                      Charms/Air                   2
   c - Repel Missiles                 Charms/Air                   2
   d - Static Discharge               Conjuration/Air              3
   e - Lightning Bolt                 Conjuration/Air              5
Comestibles
 c - 3 bread rations
 h - 3 fruits
 n - 2 meat rations
 F - a slice of pizza


   Skills:
 - Level 2.4 Dodging
 - Level 2.4 Stealth
 + Level 8.0 Spellcasting
 * Level 8.8 Conjurations
 + Level 5.4 Charms


You had 11 spell levels left.
You knew the following spells:

 Your Spells              Type           Power        Failure   Level  Hunger
a - Magic Dart            Conj           ####         1%          1    None
b - Searing Ray           Conj           #####.       1%          2    None
x - Iskenderun's Mystic   Conj           #####...     2%          4    ###....
z - Iskenderun's Battles  Conj/Chrm      #####...     14%         5    #####..


Dungeon Overview and Level Annotations

Branches:
Dungeon (7/15)             Temple (1/1) D:5

Altars:
Ashenzari
Cheibriados
Dithmenos
Elyvilon
Fedhas
Gozag
Kikubaaqudgha
Nemelex Xobeh
Okawaru
Qazlal
Ru
Sif Muna
Trog
Uskayaw
Zin
The Shining One

Annotations:
D:4 TheGoonsmith's ghost, amateur DESu


Message History

Press: ? - help, Shift-Dir - straight line, f - orc warrior
Aim: an orc warrior, wielding a mace and wearing a plate armour (moderately wounded)
The searing ray hits the orc warrior.
The orc warrior is moderately wounded.
The orc warrior completely misses you.
The searing ray hits the orc warrior.
The orc warrior is moderately wounded.
The searing ray hits the orc warrior.
The orc warrior is moderately wounded.
The orc warrior hits you with a mace.
The searing ray hits the orc warrior.
The orc warrior is severely wounded.
The searing ray hits the orc.
You kill the orc!
You finish channeling your searing ray.
The orc warrior hits you with a mace!
* * * LOW HITPOINT WARNING * * *
You hit the orc warrior.
The orc warrior is severely wounded.
The orc warrior hits you with a mace!
You die...

...#...............
...#.##.##........
.).#....##........
...###..##........
...###.....#....##
...##.........## #
...##......##.# ...
.####.........#####.....
................@o).....
..#.#....##########..)..
#.#.#....# ..#
....#<...# # .#.##....#
.#..#....# ....###+##
###.###.# ###..##.#


You could see an orc warrior.

Vanquished Creatures
  An orc warrior (D:6)
  A centaur (D:5)
  3 giant frogs
  A howler monkey (D:6)
  4 crimson imps
  A jelly (D:6)
  A giant frog skeleton (D:7)
  A hound (D:4)
  2 orc priests
  An iguana (D:6)
  An orc wizard (D:6)
  3 worker ants
  A killer bee zombie (D:5)
  2 hound skeletons (D:7)
  13 adders
  A worker ant zombie (D:5)
  2 shadow imps (D:7)
  11 oozes
  3 worms
  3 dart slugs
  9 giant geckos
  12 orcs
  8 ball pythons
  16 giant cockroaches
  7 goblins
  9 hobgoblins
  3 jackals (D:1)
  3 quokkas
  4 bats
  20 giant newts
  3 kobolds
  2 quokka skeletons (D:5)
  A quokka zombie (D:7)
  13 rats
166 creatures vanquished.

Vanquished Creatures (others)
  A plant (D:6)
1 creature vanquished.

Grand Total: 167 creatures vanquished

Notes
Turn   | Place    | Note
--------------------------------------------------------------
     0 | D:1      | TheGoonsmith the Deep Elf Conjurer began the quest for the Orb.
     0 | D:1      | Reached XP level 1. HP: 10/10 MP: 6/6
   316 | D:1      | Reached XP level 2. HP: 3/15 MP: 0/8
   706 | D:1      | Learned a level 2 spell: Searing Ray
  1293 | D:1      | Reached XP level 3. HP: 19/19 MP: 7/10
  1556 | D:2      | Reached skill level 5 in Conjurations
  2399 | D:3      | Reached XP level 4. HP: 24/24 MP: 5/12
  2404 | D:3      | Reached skill level 5 in Spellcasting
  2582 | D:3      | Found a glowing drain.
  2647 | Sewer    | Entered a sewer
  2693 | Sewer    | Learned a level 4 spell: Iskenderun's Mystic Blast
  2820 | Sewer    | Reached XP level 5. HP: 28/28 MP: 11/15
  3100 | Sewer    | Learned a level 5 spell: Iskenderun's Battlesphere
  3358 | Sewer    | Reached skill level 1 in Charms
  3358 | Sewer    | Reached XP level 6. HP: 24/32 MP: 1/17
  3614 | D:3      | Found a glowing silver altar of Zin.
  4254 | D:4      | Noticed TheGoonsmith's ghost (amateur DESu)
  4257 | D:4      | Noticed an ice beast
  4263 | D:4      | Noticed an ice beast
  4274 | D:4      | Noticed an ice beast
  4439 | D:4      | Noticed an ice beast
  4440 | D:4      | Noticed an ice beast
  4441 | D:4      | Noticed an ice beast
  4530 | D:5      | Entered Level 5 of the Dungeon
  4571 | D:5      | Reached XP level 7. HP: 26/36 MP: 11/19
  4669 | D:5      | Found a blossoming altar of Fedhas.
  4671 | D:5      | Found an ancient bone altar of Kikubaaqudgha.
  4740 | D:5      | Found a staircase to the Ecumenical Temple.
  4754 | Temple   | Entered the Ecumenical Temple
  5242 | D:5      | Found a sparkling altar of Nemelex Xobeh.
  5521 | D:6      | Found a blossoming altar of Fedhas.
  6017 | D:6      | Found a sparkling altar of Nemelex Xobeh.
  6435 | D:7      | Reached skill level 5 in Charms
  6435 | D:7      | Reached XP level 8. HP: 41/41 MP: 13/21
  7075 | D:7      | Slain by an orc warrior

Vault maps used:
D:1:      minmay_arrival_split_and_join, minmay_misc_feat_nine_boxes,
          minmay_misc_feat_cross
D:3:      lemuel_crystal_altar, first_bread, portal_sewer_entry_f
D:5:      grunt_temple_overflow_growth_and_decay,
          minmay_temple_entry_enclosed_plants, nemelex_lonely_heart_becter
D:6:      kennysheep_mini, fedhas_altar_decomposition
Temple:   zaba_magenta_temple_12
Sewer:    sewer_frog_island_02

Skill      XL: |  1  2  3  4  5  6  7  8 |
---------------+-------------------------+-----
Spellcasting   | 4 5 6 7 8 |  8.0
Conjurations   | 5 6 7 8 |  8.8
Charms         | 1 3 5 |  5.4
Dodging        | |  2.4
Stealth        | |  2.4

Action                   |  1- 3 |  4- 6 |  7- 9 || total
-------------------------+-------+-------+-------++-------
Melee: Dagger            |       |     5 |    17 ||    22
 Cast: Magic Dart        |   100 |   173 |   149 ||   422
       Searing Ray       |       |     5 |     8 ||    13
  Use: Scroll            |       |    11 |       ||    11
 Stab: Sleeping          |       |       |     1 ||     1
  Eat: Chunk             |     3 |     8 |     7 ||    18
Armor: Robe              |     2 |    11 |     7 ||    20
Dodge: Dodged            |     5 |    53 |    42 ||   100
